 Dungeon Crawl Stone Soup version 0.29.0-4-gdea44cf6ec (webtiles) character file.

Game seed: 6051996286429961787

35 qw the Chopper (level 3, -4/21 HPs)
             Began as a Tengu Warper on Aug 28, 2022.
             Slain by a gnoll
             ... wielding a +0 club
              (5 damage)
             ... on level 2 of the Dungeon.
             The game lasted 00:00:05 (1046 turns).

qw the Chopper (Tengu Warper)                       Turns: 1046, Time: 00:00:05

Health: -4/21      AC: 10    Str: 13    XL:     3   Next: 33%
Magic:  7/7        EV:  3    Int: 13    God:
Gold:   19         SH:  0    Dex: 13    Spells: 6/6 levels left

rFire   . . .      SeeInvis +   Y - +0 hand axe
rCold   . . .      Faith    .   (no shield)
rNeg    . . .      Spirit   .   d - +0 plate armour
rPois   .          Reflect  .   (helmet restricted)
rElec   .          Harm     .   (no cloak)
rCorr   .          Rampage  .   (no gloves)
Will    .....                   (boots unavailable)
Stlth   ..........              (no amulet)
HPRegen 0.07/turn               i - ring of see invisible
MPRegen 0.10/turn               (no ring)

@: no status effects
A: beak, talons 3
a: no special abilities


You were on level 2 of the Dungeon.
You visited 1 branch of the dungeon, and saw 2 of its levels.

You collected 19 gold pieces.


Innate Abilities, Weirdness & Mutations

You have a beak for a mouth.
You have claws for feet.


   Skills:
 - Level 2.0 Fighting
 - Level 4.0 Axes
 - Level 1.0 Throwing
 + Level 1.1 Armour
 - Level 2.1 Dodging
 - Level 2.0 Spellcasting
 - Level 2.4 Translocations


You had 6 spell levels left.
You didn't know any spells.
Your spell library contained the following spells:

 Spells                   Type           Power      Damage    Failure   Level
 Blink                    Tloc           14%        N/A       100%        2
 Gell's Gravitas          Tloc           7%         N/A       100%        3
 Lesser Beckoning         Tloc           7%         N/A       100%        3
 Teleport Other           Tloc           7%         N/A       100%        3
 Manifold Assault         Tloc           7%         N/A       100%        5

Inventory:

Hand Weapons
 f - a +0 club
 Y - a +0 hand axe (weapon)
Armour
 d - a +0 plate armour (worn)
Jewellery
 i - a ring of see invisible (left hand)
Potions
 h - a potion of lignification {unknown}
 j - a potion of attraction {unknown}

Dungeon Overview and Level Annotations

Branches:
Dungeon (2/15)

Altars:


Message History

(D) Dungeon
Where to? (* - list waypoints, ? - help)
What level of the Dungeon? (default 1, ? - help)
There is a stone staircase leading down here.
You climb downwards.
The gnoll shouts!
There is a stone staircase leading up here.
There are monsters nearby!
Existing waypoints: (2) D:1 Assign waypoint to what number? (0-9, D - delete waypoint) Waypoint 1 assigned to D:2.
A hobgoblin and a gnoll come into view.
The hobgoblin shouts!
The gnoll shouts!
A kobold comes into view. It is wielding a +0 dagger.
The gnoll hits you with a +0 halberd.
The hobgoblin moves out of view.
You closely miss the gnoll. You hit the gnoll.
The gnoll hits you with a +0 halberd. The gnoll hits you but does no damage.
You closely miss the gnoll. You claw the gnoll. Your peck misses the gnoll.
The gnoll is severely wounded.
You hit the gnoll but do no damage. The gnoll hits you with a +0 halberd.
The gnoll hits you with a +0 club.
You hit the gnoll.
You kill the gnoll!
You barely miss the gnoll. The gnoll hits you with a +0 club.
Your Axes skill increases to level 4!
You hit the gnoll. Your kick misses the gnoll.
The gnoll is moderately wounded.
You hit the gnoll. The gnoll barely misses you. x2
You completely miss the gnoll. You claw the gnoll.
The gnoll is severely wounded.
You barely miss the gnoll. The gnoll hits you with a +0 club.
The gnoll hits you but does no damage.
You hit the gnoll but do no damage. Your kick misses the gnoll.
The gnoll is severely wounded.
You barely miss the gnoll. The gnoll hits you with a +0 club.
You die...

.# ####.
. #....
.. ...
... ...
... #.#
.. #.#
.##.#K#<#
.....gg@#
.#..#.#g#
.. ...#.#
...# #.#
.#.# #.#
... #.#
.. ..#
###


You could see 2 gnolls, a hobgoblin and a kobold.

Vanquished Creatures
  A gnoll (D:2)
  2 ball pythons (D:1)
  3 bats (D:1)
  3 endoplasms (D:1)
  2 goblins (D:1)
  3 hobgoblins (D:1)
  3 jackals (D:1)
  2 frilled lizards (D:1)
  A kobold (D:1)
  4 rats (D:1)
24 creatures vanquished.

Notes
Turn   | Place    | Note
-------+----------+-------------------------------------------
     0 | D:1      | qw the Tengu Warper began the quest for the Orb.
     0 | D:1      | Reached XP level 1. HP: 12/12 MP: 4/4
     0 | D:1      | 0 ||| qw: Version: 0.1-a-89-g26bdef1
     0 | D:1      | 0 ||| qw: Game counter: 3239
     0 | D:1      | 0 ||| qw: Always use a shield: true
     0 | D:1      | 0 ||| qw: God list: Okawaru
     0 | D:1      | 0 ||| qw: Allow faded altars: false
     0 | D:1      | 0 ||| qw: Do Orc after D:15 true
     0 | D:1      | 0 ||| qw: Do second Lair branch before Depths: true
     0 | D:1      | 0 ||| qw: Lair rune preference: random
     0 | D:1      | 0 ||| qw: Plans: Normal
     0 | D:1      | 0 ||| PLANNING D:1-11
   124 | D:1      | Reached skill level 3 in Axes
   124 | D:1      | Reached XP level 2. HP: 15/17 MP: 6/6
   761 | D:1      | Reached XP level 3. HP: 21/21 MP: 7/7
  1012 | D:1      | 1012 ||| UPGRADING to +0 plate armour.
  1022 | D:1      | 1022 ||| DROPPING +0 leather armour.
  1023 | D:1      | 1023 ||| UPGRADING to ring of see invisible.
  1024 | D:1      | 1024 ||| READING scroll labelled DYCKOINTUCH.
  1025 | D:1      | 1025 ||| READING scroll labelled AMIR TYLYQEJ.
  1026 | D:1      | 1026 ||| DROPPING scroll of blinking.
  1044 | D:2      | Reached skill level 4 in Axes
  1045 | D:2      | HP: 1/21 [gnoll/+0 club (6)]
  1046 | D:2      | Slain by a gnoll

Levels and vault maps discovered:
D:1:      saegor_arrival_simple_d, layout_loops_ring
D:2:      layout_loops_cross, serial_shops, shop,
          hellmonk_ecumenical_altar_leap_of_faith,
          minmay_misc_feat_more_columns, uniq_jessica, uniq_natasha

Skill      XL: |  1  2  3 |
---------------+----------+-----
Axes           | 3 4 |  4.0
Fighting       | |  2.0
Throwing       | |  1.0
Armour         | |  1.1
Dodging        | |  2.1
Spellcasting   | |  2.0
Translocations | |  2.4

Action                   || total
-------------------------++-------
Melee: Hand axe          ||    51
       Kick              ||    11
       Peck              ||     3
Throw: Boomerang         ||     7
  Use: Scroll            ||     2
Armor: Leather armour    ||     8
       Plate armour      ||     2
Dodge: Dodged            ||    28

Table legend:
 A = Non-vault XP
 B = Vault XP
 C = Vault XP percentage of total XP
 D = Non-vault monster count
 E = Vault monster count
 F = Vault count percentage of total count
                 A         B        C        D         E       F
            +---------+---------+-------+---------+---------+-------
      Total |      50 |       0 |   0.0 |      24 |       0 |   0.0
            +---------+---------+-------+---------+---------+-------
        D:1 |      36 |       0 |   0.0 |      23 |       0 |   0.0
        D:2 |      14 |       0 |   0.0 |       1 |       0 |   0.0
            +---------+---------+-------+---------+---------+-------
